 Dungeon Crawl Stone Soup version 0.18.1-8-gdd0e5ea (webtiles) character file.

79 Denchik the Sneak (level 3, -10/29 HPs)
             Began as a Demigod Assassin on May 28, 2016.
             Mangled by Kloppie's ghost (13 damage)
             ... on level 3 of the Dungeon.
             The game lasted 00:06:08 (2347 turns).

Denchik the Sneak (Demigod Assassin)                Turns: 2347, Time: 00:06:09

Health: -10/29     AC:  3    Str: 14    XL:     3   Next: 97%
Magic:  5/5        EV: 12    Int: 15    God:
Gold:   67         SH:  0    Dex: 19    Spells: 0 memorised, 2 levels left

rFire  . . .     SeeInvis .     a - +2 dagger
rCold  . . .     Gourm    .     c - +0 robe
rNeg   . . .     Faith    .     (no shield)
rPois  .         Spirit   .     (no helmet)
rElec  .         Dismiss  .     d - +0 cloak
rCorr  .         Reflect  .     (no gloves)
SustAt +         Harm     .     (no boots)
MR     .....                    (no amulet)
Stlth  +++.......               (no ring)
                                (no ring)

@: not resistant to hostile enchantments, fairly stealthy
A: high mp 1, sustain attributes
a: no special abilities


You were on level 3 of the Dungeon.
You were not hungry.

You visited 1 branch of the dungeon, and saw 3 of its levels.

You collected 67 gold pieces.

Inventory:

Hand Weapons
 a - a +2 dagger (weapon)
 b - a +0 blowgun
Missiles
 e - 13 poisoned needles
 f - 2 curare-tipped needles
Armour
 c - a +0 robe (worn)
 d - a +0 cloak (worn)
Jewellery
 h - an uncursed ring of fire {unknown}
Scrolls
 l - 2 scrolls of identify {unknown}
 n - a scroll of immolation {unknown}
 o - 3 scrolls of teleportation
 t - a scroll of magic mapping {unknown}
 w - a scroll of enchant armour {unknown}
Potions
 k - 2 potions of heal wounds
 m - a potion of brilliance {unknown}
 p - a potion of curing {unknown}
 q - a potion of lignification {unknown}
 r - a potion of resistance {unknown}
 u - 2 potions of cancellation {unknown}
 v - a potion of haste {unknown}
Comestibles
 g - 3 bread rations
 i - a slice of pizza
 j - a meat ration
 s - 2 fruits


   Skills:
 + Level 2.0 Fighting
 + Level 2.0 Short Blades
 - Level 1.7 Throwing
 + Level 1.2 Dodging
 * Level 5.1 Stealth


You had 2 spell levels left.
You didn't know any spells.

Dungeon Overview and Level Annotations

Branches:
Dungeon (3/15)

Annotations:
D:3 Kloppie's ghost, amateur MiFi


Innate Abilities, Weirdness & Mutations

You have an increased reservoir of magic (+10% MP).
Your attributes are resistant to harm.


Message History

This raw flesh tastes terrible.
You continue eating. x2
Kloppie's ghost turns its malevolent gaze towards you.
You barely miss Kloppie's ghost.
Kloppie's ghost hits you but does no damage.
You hit Kloppie's ghost.
Kloppie's ghost is lightly damaged.
Kloppie's ghost hits you!
You barely miss Kloppie's ghost.
Kloppie's ghost is lightly damaged.
Kloppie's ghost hits you!
* * * LOW HITPOINT WARNING * * *
You hit Kloppie's ghost but do no damage.
Kloppie's ghost is lightly damaged.
Kloppie's ghost hits you.
* * * LOW HITPOINT WARNING * * *
You hit Kloppie's ghost.
Kloppie's ghost is lightly damaged.
Kloppie's ghost hits you!
You die...

### .# ..# #.# #.#
###.# #.. ...# #.# #..#
#.### #..#
#...#####..######
#.#.....@W......#######
#.#######.............#
#.# #.#####.#####.# #.#
#.# #.# #.# #.# #.# #.#
#.# #.#######.# #.#
#.### #.........# #.#
##.... ########### #[#
#..... ###.####...##


You could see Kloppie's ghost.

Vanquished Creatures
  Ijyb (D:2)
  An adder (D:3)
  2 giant geckos (D:2)
  3 bats
  4 giant cockroaches
  8 goblins
  7 hobgoblins
  3 jackals (D:1)
  3 kobolds
  A giant newt (D:1)
  5 rats
38 creatures vanquished.

Vanquished Creatures (others)
  4 toadstools (D:1)
4 creatures vanquished.

Grand Total: 42 creatures vanquished

Notes
Turn   | Place    | Note
--------------------------------------------------------------
     0 | D:1      | Denchik the Demigod Assassin began the quest for the Orb.
     0 | D:1      | Reached XP level 1. HP: 17/17 MP: 3/3
   120 | D:1      | Reached skill level 4 in Stealth
   178 | D:1      | Reached XP level 2. HP: 11/24 MP: 4/4
   475 | D:1      | Reached skill level 1 in Dodging
  1234 | D:2      | Found a snail-covered altar of Cheibriados.
  1240 | D:2      | Found a glowing golden altar of the Shining One.
  1246 | D:2      | Reached XP level 3. HP: 16/29 MP: 5/5
  1248 | D:2      | Found a glowing silver altar of Zin.
  1494 | D:2      | Found a radiant altar of Vehumet.
  1731 | D:2      | Found a shadowy altar of Dithmenos.
  1732 | D:2      | Found a sacrificial altar of Ru.
  1732 | D:2      | Found a basalt altar of Yredelemnul.
  1733 | D:2      | Found an opulent altar of Gozag.
  1846 | D:3      | Noticed Ijyb
  1856 | D:3      | Noticed Kloppie's ghost (amateur MiFi)
  1899 | D:2      | Killed Ijyb
  1899 | D:2      | Reached skill level 5 in Stealth
  2347 | D:3      | Mangled by Kloppie's ghost

Skill      XL: |  1  2  3 |
---------------+----------+-----
Stealth        | 4 5 |  5.1
Dodging        | 1 |  1.2
Fighting       | 2 |  2.0
Short Blades   | 2 |  2.0
Throwing       | |  1.7

Action                   || total
-------------------------++-------
Melee: Dagger            ||   180
  Use: Scroll            ||     1
       Potion            ||     1
 Stab: Sleeping          ||     9
       Distracted        ||     1
  Eat: Chunk             ||     5
Armor: Robe              ||    41
Dodge: Dodged            ||    97
